 Dungeon Crawl Stone Soup version 0.29.1-13-g9f3cf754e1 (webtiles) character file.

Game seed: 13629491260571163538

12 cheesebisquit the Shooter (level 2, 0/18 HPs)
             Began as a Gargoyle Hunter on Jan 30, 2023.
             Slain by a gnoll
             ... wielding a +0 flail of protection
              (7 damage)
             ... on level 1 of the Dungeon.
             The game lasted 00:01:21 (607 turns).

cheesebisquit the Shooter (Gargoyle Hunter)          Turns: 607, Time: 00:01:22

Health: 0/18       AC:  5    Str: 14    XL:     2   Next: 33%
Magic:  2/2        EV: 11    Int:  9    God:
Gold:   68         SH:  0    Dex: 13    Spells: 1/1 levels left

rFire   . . .      SeeInvis .   a - +0 shortbow
rCold   . . .      Faith    .   (shield currently unavailable)
rNeg    + . .      Spirit   .   c - +0 leather armour
rPois   ∞          Reflect  .   (no helmet)
rElec   +          Harm     .   (no cloak)
rCorr   .          Rampage  .   (no gloves)
Will    .....                   (no boots)
Stlth   +.........              (no amulet)
HPRegen 0.06/turn               (no ring)
MPRegen 0.08/turn               (no ring)

@: no status effects
A: sickness immunity, AC +2, negative energy resistance 1, electricity
resistance, torment resistance 1, petrification resistance
a: no special abilities


You were on level 1 of the Dungeon.
You visited 1 branch of the dungeon, and saw 1 of its levels.

You collected 68 gold pieces.

Inventory:

Hand Weapons
 a - a +0 shortbow (weapon)
Missiles
 l - 5 poisoned darts
Armour
 c - a +0 leather armour (worn)
 h - a +0 ring mail
 i - a +0 chain mail
Scrolls
 b - a scroll of immolation
 d - a scroll of teleportation {unknown}
 g - a scroll of identify {unknown}
 j - a scroll of noise {unknown}
Potions
 e - 3 potions of degeneration {unknown}
 f - a potion of lignification {unknown}
 k - a potion of invisibility {unknown}
 m - 2 potions of attraction {unknown}
 n - a potion of curing {unknown}


   Skills:
 + Level 2.4 Fighting
 * Level 4.3 Ranged Weapons
 + Level 0.9 Armour
 - Level 1.5 Dodging
 - Level 1.1 Stealth


You had one spell level left.
You didn't know any spells.
Your spell library was empty.

Dungeon Overview and Level Annotations

Branches:
Dungeon (1/15)

Altars:


Innate Abilities, Weirdness & Mutations

You are immune to sickness and miasma.
Your stone body is resilient. (AC +2)
You are immune to poison.
You resist negative energy. (rN+)
You are resistant to electric shocks. (rElec)
You are resistant to unholy torment.
You are immune to petrification.


Message History

You kill the goblin!
You see here a +0 dagger.
You now have 50 gold pieces (gained 4).
You open the door.
There is an open door here.
m - 2 green potions You open the door.
A kobold comes into view. It is wielding a +0 short sword.
Found 5 gold pieces.
The kobold shouts!
The kobold throws a stone.
The stone hits you but does no damage.
There is an open door here.
You shoot an arrow. The arrow barely misses the kobold.
You shoot an arrow. The arrow hits the kobold.
You kill the kobold!
No target in view!
You now have 63 gold pieces (gained 13).
n - a lumpy red potion You now have 68 gold pieces (gained 5).
You open the door. You open the door.
There is an open door here.
There is an open door here.
A gnoll comes into view.
It is wielding a +0 flail of protection.
You shoot an arrow. The arrow closely misses the gnoll.
You shoot an arrow. The arrow barely misses the gnoll.
The gnoll barely misses you.
The gnoll hits you with a +0 flail of protection!
Ouch! That really hurt!
You are too injured to fight recklessly!
You are too injured to fight recklessly!
You are too injured to fight recklessly!
You are too injured to fight recklessly!
Fire: a) +0 shortbow
Press: ? - help, Q - select action, (/) - cycle Shift-Dir - straight line, f/p - gnoll
Aim: a gnoll, wielding a +0 flail of protection (64% to hit)
You shoot an arrow.
The arrow hits the gnoll but does no damage.
The gnoll hits you with a +0 flail of protection!
You die...

##################
#................#
#.##############.#
#@# #.# #....g.#
##'# #.######
########...
.......'...
########...
........ ########
..... ...##


You could see a gnoll.

Vanquished Creatures
  A giant cockroach (D:1)
  3 goblins (D:1)
  A hobgoblin (D:1)
  2 bats (D:1)
  3 kobolds (D:1)
10 creatures vanquished.

Notes
Turn   | Place    | Note
-------+----------+-------------------------------------------
     0 | D:1      | cheesebisquit the Gargoyle Hunter began the quest for the
                  | Orb.
     0 | D:1      | Reached XP level 1. HP: 12/12 MP: 1/1
   186 | D:1      | Reached XP level 2. HP: 18/18 MP: 2/2
   607 | D:1      | Slain by a gnoll

Illustrated notes

Levels and vault maps discovered:
D:1:      tarquinn_simple_flora_water_b, layout_basic, serial_bayou_crossing

Action                   || total
-------------------------++-------
 Fire: Shortbow          ||    27
Armor: Leather armour    ||     2
Dodge: Dodged            ||     3
